 Dungeon Crawl Stone Soup version 0.30-a0-134-gb40fab5c76 (webtiles) character file.

Game seed: 18350824463685315133

4 ytrimaz the Chopper (level 1, -1/16 HPs)
             Began as a Demonspawn Gladiator on Sept 19, 2022.
             Succumbed to a goblin's poison
             ... on level 1 of the Dungeon.
             The game lasted 00:00:25 (313 turns).

ytrimaz the Chopper (Demonspawn Gladiator)           Turns: 313, Time: 00:00:25

Health: -1/16      AC:  4    Str: 14    XL:     1   Next: 50%
Magic:  1/1        EV: 12    Int:  9    God:
Gold:   16         SH:  0    Dex: 14    Spells: 0/0 levels left

rFire   . . .      SeeInvis .    a - +0 war axe
rCold   . . .      Faith    .    (no shield)
rNeg    . . .      Spirit   .    b - +0 leather armour
rPois   .          Reflect  .    c - +0 helmet
rElec   .          Harm     .    (no cloak)
rCorr   .          Rampage  .    (no gloves)
Will    .....                    (no boots)
Stlth   +.........               (no amulet)
HPRegen 0.05/turn                (no ring)
MPRegen 0.07/turn                (no ring)

@: lethally poisoned (-1 -> -27)
A: no striking features
a: no special abilities


You were on level 1 of the Dungeon.
You visited 1 branch of the dungeon, and saw 1 of its levels.

You collected 16 gold pieces.


   Skills:
 * Level 2.2 Fighting
 + Level 2.7 Axes
 - Level 1.7 Throwing
 - Level 2.6 Dodging


You couldn't memorise any spells.
You didn't know any spells.
Your spell library was empty.

Inventory:

Hand Weapons
 a - a +0 war axe (weapon)
Missiles
 d - 3 throwing nets (quivered)
 e - a javelin
Armour
 b - a +0 leather armour (worn)
 c - a +0 helmet (worn)
Scrolls
 f - a scroll of identify
 h - a scroll of enchant weapon

Dungeon Overview and Level Annotations

Branches:
Dungeon (1/15) Zot: 5683

Altars:

Shops:
D:1

[ ...# ..
....## ....
..> ...>.
##..
.#'##.#.####
...........#
....b......#
...........#
......gā€
...#
#$#######
#@.......
#.#######
#.# #.# #.#
#.# #####
#.# #...#
#.# #...#
#.#


You could see a goblin and a bat.


Message History

A goblin is nearby!
A goblin is nearby!
You slash the goblin!
You kill the goblin!
No target in view!
f - a scroll labelled POABOPL EWET
g - a scroll labelled XODENG FENU Key pressed, stopping explore.
h - a scroll labelled SYATATHR LAL RALOISCH
Found a faded altar of an unknown god.
Found an escape hatch in the floor.
No target in view!
i - a scroll labelled ASOIRO GIERILE
j - a scroll labelled TARAFO DEMA A quokka comes into view.
A quokka is nearby!
A quokka is nearby!
As you read the scroll labelled POABOPL EWET, it crumbles to dust.
It is a scroll of amnesia.
You feel forgetful for a moment. The quokka bites you. šŸ˜• HP[-2]
You take 2 damage, and now have 14/16 hp.
You slash the quokka!
You kill the quokka!
No target in view!
As you read the scroll labelled XODENG FENU, it crumbles to dust.
It is a scroll of identify.
h - a scroll of enchant weapon
As you read the scroll labelled ASOIRO GIERILE, it crumbles to dust.
You assume a fearsome visage.
Nothing appears to happen.
It was a scroll of fear.
Unknown command.
As you read the scroll labelled TARAFO DEMA, it crumbles to dust.
You hear a loud clanging noise!
It was a scroll of noise.
You hear a shout!
Unknown command.
Key pressed, stopping explore.
f - a scroll of identify šŸ˜Ž HP[+2]
Your hp is fully restored (16).
A kobold comes into view. It is wielding a +0 dagger.
The kobold shouts!
A kobold is nearby!
A kobold is nearby!
The kobold closely misses you.
You barely miss the kobold. The kobold closely misses you. x2
You hit the kobold. The kobold closely misses you.
Okay, then.
You closely miss the kobold. The kobold hits you but does no damage.
You completely miss the kobold. The kobold hits you with a +0 dagger.
The kobold barely misses you. šŸ˜• HP[-2]
You take 2 damage, and now have 14/16 hp.
You slash the kobold!
You kill the kobold! šŸ˜• HP[+1]
You see here a +0 dagger.
You don't have any unidentified items.
Unknown command.
Found a stone staircase leading down. šŸ˜Ž HP[+1]
Your hp is fully restored (16).
Unknown command.
There is a stone staircase leading down here.
Key pressed, stopping explore.
A rat comes into view.
A rat is nearby!
A rat is nearby!
A rat is nearby!
A goblin comes into view. It is wielding a +1 dagger of venom.
Found an escape hatch in the floor.
Found a stone staircase leading down.
The goblin shouts!
You see here 10 gold pieces.
You closely miss the rat. The rat completely misses you.
You closely miss the goblin. You hit the rat.
A bat comes into view.
The goblin hits you with a +1 dagger of venom.
You are poisoned.
The rat misses you. The rat closely misses you.
The goblin hits you but does no damage.
You are lethally poisoned! šŸ˜® HP[-4]
You take 4 damage, and now have 12/16 hp.
MASSIVE DAMAGE!! (PAUSE)
You are too injured to fight recklessly!
You hit the rat.
You kill the rat!
You closely miss the goblin.
* * * LOW HITPOINT WARNING * * *
You feel very sick.
The goblin hits you with a +1 dagger of venom.
* * * LOW HITPOINT WARNING * * *
You are more poisoned. šŸ˜Ø HP[-7]
You take 7 damage, and now have 5/16 hp.
MASSIVE DAMAGE!! (PAUSE)
You aren't carrying any potions.
Unknown command.
You die...

Action                   || total
-------------------------++-------
Melee: War axe           ||    10
  Use: Scroll            ||     4
Armor: Leather armour    ||     2
Dodge: Dodged            ||     8

Levels and vault maps discovered:
D:1:      wheals_arrival_linesprint, layout_basic,
          hellmonk_ecumenical_altar_crossroads, serial_shops,
          nicolae_shop_window_shopping, minmay_heptomino_w4

Notes
Turn   | Place    | Note
-------+----------+-------------------------------------------
     0 | D:1      | ytrimaz the Demonspawn Gladiator began the quest for the
                  | Orb.
     0 | D:1      | Reached XP level 1. HP: 16/16 MP: 1/1
     0 | D:1      | magus.rc [v1.9.6]
    94 | D:1      | Found Maran's Armour Emporium.
   157 | D:1      | Found a faded altar of an unknown god.
   313 | D:1      | Succumbed to a goblin's poison

Vanquished Creatures
  A goblin (D:1)
  A quokka (D:1)
  A kobold (D:1)
  A rat (D:1)
4 creatures vanquished.

Table legend:
 A = Non-vault XP
 B = Vault XP
 C = Vault XP percentage of total XP
 D = Non-vault monster count
 E = Vault monster count
 F = Vault count percentage of total count
                 A         B        C        D         E       F
            +---------+---------+-------+---------+---------+-------
      Total |       6 |       0 |   0.0 |       4 |       0 |   0.0
            +---------+---------+-------+---------+---------+-------
        D:1 |       6 |       0 |   0.0 |       4 |       0 |   0.0
            +---------+---------+-------+---------+---------+-------

Illustrated notes

Table legend:
 A = Kills in this place as a percentage of kills in entire the game.
 B = Kills by you in this place as a percentage of kills by you in the entire game.
 C = Kills by friends in this place as a percentage of kills by friends in the entire game.
 D = Other kills in this place as a percentage of other kills in the entire game.
 E = Experience gained in this place as a percentage of experience gained in the entire game.
 F = Experience gained in this place divided by the number of levels of this place that you have seen.
                   A       B       C       D       E      F
               +-------+-------+-------+-------+-------+----------------------
         Total | 100.0 | 100.0 |   N/A |   N/A | 100.0 |   6.0
       Dungeon | 100.0 | 100.0 |   N/A |   N/A | 100.0 |   6.0
               +-------+-------+-------+-------+-------+----------------------

Table legend: (Time is in decaauts)
 A = Elapsed time spent in this place.
 B = Non-inter-level travel time spent in this place.
 C = Inter-level travel time spent in this place.
 D = Time resting spent in this place.
 E = Time spent auto-exploring this place.
 F = Levels seen in this place.
 G = Mean time per level.
                   A        B        C        D        E       F      G
               +--------+--------+--------+--------+--------+-----+--------+
         Total |    316 |    316 |      0 |      0 |    273 |   1 |  316.0 |
       Dungeon |    316 |    316 |      0 |      0 |    273 |   1 |  316.0 |
               +--------+--------+--------+--------+--------+-----+--------+

Top non-repeatable levels by time:
     D:1: 316 daAuts
